 Dungeon Crawl Stone Soup version 0.27-a0-46-g34d46f0a3f (webtiles) character file.

Game seed: 14488612428221403616

5055 Borgoz the Grappler (level 10, -13/90 HPs)
             Began as a Ghoul Gladiator on Jan 6, 2021.
             Was a Follower of Ashenzari.
             Mangled by an orc warrior
             ... wielding a +0 hand axe
              (15 damage)
             ... on level 9 of the Dungeon.
             The game lasted 00:11:32 (8952 turns).

Borgoz the Grappler (Ghoul Gladiator)               Turns: 8952, Time: 00:11:33

Health: -13/90     AC: 15    Str: 19    XL:     10   Next: 56%
Magic:  0/9        EV:  9    Int:  3    God:    Ashenzari [*.....]
Gold:   398        SH:  0    Dex: 13    Spells: 9/9 levels left

rFire    + . .     SeeInvis .     - Unarmed
rCold    + . .     Faith    .   (no shield)
rNeg     + + +     Spirit   +   d - +0 plate armour
rPois    ∞         Reflect  .   b - +0 helmet
rElec    .         Harm     .   (no cloak)
rCorr    .         Rampage  .   (no gloves)
Will     .....                  k - +0 pair of boots
Stlth    ..........             p - amulet of guardian spirit
HPRegen  0.00/turn              e - ring of protection from fire
MPRegen  0.11/turn              (no ring)

@: no status effects
A: claws 1, cold resistance 1, negative energy resistance 3, inhibited
regeneration, torment resistance, unbreathing
a: Renounce Religion, Curse Item, Scrying


You were on level 9 of the Dungeon.
You worshipped Ashenzari.
Ashenzari was aware of your devotion.
You visited 2 branches of the dungeon, and saw 10 of its levels.

You collected 398 gold pieces.

Inventory:

Armour
 b - a +0 helmet (worn)
 d - a +0 plate armour (worn)
 k - a +0 pair of boots (worn)
 y - the +1 ring mail of Heresy {rC+ Int+3}
   (You found it on level 8 of the Dungeon)

   It affects your intelligence (+3).
   It protects you from cold.
Jewellery
 e - a ring of protection from fire (left claw)
 h - an uncursed amulet of regeneration
 p - an amulet of guardian spirit (around neck)
 t - an uncursed ring of ice
Wands
 q - a wand of polymorph (8)
 r - a wand of iceblast (10)
 s - a wand of random effects (14)
 u - a wand of digging (10)
 v - a wand of flame (33)
Scrolls
 c - 3 scrolls of remove curse
 f - 3 scrolls of teleportation
 g - 5 scrolls of fear
 i - a scroll of magic mapping
 m - a scroll of fog
 n - a scroll of enchant weapon
 w - a scroll of amnesia
 A - a scroll of identify
Potions
 j - 2 potions of might
 l - 2 potions of brilliance
 o - 2 potions of resistance
 x - 2 potions of magic
 z - 3 potions of ambrosia


   Skills:
 + Level 8.7 Fighting
 - Level 1.7 Throwing
 + Level 6.9 Armour
 + Level 7.5 Dodging
 + Level 9.0 Unarmed Combat


You had 9 spell levels left.
You didn't know any spells.
Your spell library contained the following spells:

 Spells                   Type           Power        Failure   Level
 Foxfire                  Conj/Fire      0%           100%        1
 Conjure Flame            Conj/Fire      0%           100%        3
 Inner Flame              Hex/Fire       0%           100%        3
 Sticky Flame             Conj/Fire      0%           100%        4
 Fireball                 Conj/Fire      0%           100%        5
 Beastly Appendage        Tmut           Unusable     N/A         1
 Wereblood                Tmut           Unusable     N/A         2
 Spider Form              Tmut/Pois      Unusable     N/A         3
 Ice Form                 Ice/Tmut       Unusable     N/A         4
 Blade Hands              Tmut           Unusable     N/A         5

Dungeon Overview and Level Annotations

Branches:
Dungeon (9/15)             Temple (1/1) D:4
   Lair: D:8-11         Orc: D:9-12

Altars:
Ashenzari
Dithmenos
Elyvilon
Fedhas
Gozag
Hepliaklqana
Makhleb
Nemelex Xobeh
Okawaru
Qazlal
Ru
Sif Muna
Trog
Uskayaw
Vehumet
Wu Jian
Yredelemnul
The Shining One

Shops:
D:5 (   D:8 (

Annotations:
D:8 3 runed translucent doors, B1inky's ghost, novice OpCj


Innate Abilities, Weirdness & Mutations

You thrive by killing the living.
You are immune to poison.
You have sharp fingernails.
Your flesh is cold resistant. (rC+)
You are immune to negative energy. (rN+++)
You do not regenerate when monsters are visible.
You are immune to unholy pain and torment.
You can survive without breathing.


Message History

The orc warrior hits you with a +0 hand axe!
* * * LOW HITPOINT WARNING * * *
You feel better.
The orc warrior hits you but does no damage.
The orc warrior closely misses you.
You closely miss the orc warrior.
The orc warrior is severely wounded.
The orc warrior hits you with a +0 hand axe!
* * * LOW HITPOINT WARNING * * *
You scratch the orc warrior.
The orc warrior is almost dead.
The orc warrior hits you with a +0 hand axe!!
* * * LOW HITPOINT WARNING * * *
You feel better.
The orc warrior hits you but does no damage.
You feel better.
The orc warrior hits you with a +0 hand axe!!
* * * LOW HITPOINT WARNING * * *
The orc warrior hits you with a +0 hand axe!
You die...

####'#### #......#
###########
#......#####...)......
#..^.<.'..##..........
#......##..'..........
#......#####..........
+......# #..<'#####
#......# ##'###
#......# #.@.#
.......## #.o.#
.###### #...# #..?#
#...# #_._# #####


You could see an orc warrior (berserk).

Vanquished Creatures
  A two-headed ogre (D:8)
  Pikel (D:6)
  A spriggan (D:8)
  Menkaure (D:6)
  2 orc warriors
  5 sky beasts
  An ice beast (D:3)
  2 black bears
  3 ogres
  2 phantoms
  A centaur (D:5)
  6 bullfrogs
  A wyvern skeleton (D:3)
  2 scorpions
  3 killer bees (D:9)
  7 wights
  3 howler monkeys
  A centaur zombie (D:7)
  2 jellies
  3 orc priests
  5 orc wizards
  2 bullfrog skeletons
  3 hounds
  Ijyb (D:5)
  3 iguanas
  7 worker ants
  Natasha (thrice) (D:4)
  A statue (D:8)
  A hound zombie (D:5)
  10 gnolls
  6 adders
  A howler monkey skeleton (D:6)
  5 white imps
  An ufetubus (D:2)
  An adder zombie (D:7)
  2 oozes
  A worm (D:4)
  2 dart slugs
  3 leopard geckos
  35 orcs
  A ball python (D:7)
  3 giant cockroaches (D:1)
  11 goblins
  6 hobgoblins
  10 jackals
  5 kobolds
  5 quokkas
  9 bats
  6 frilled lizards
  A jackal zombie (D:6)
  2 leopard gecko zombies
  9 rats
209 creatures vanquished.

Notes
Turn   | Place    | Note
-------+----------+-------------------------------------------
     0 | D:1      | Borgoz the Ghoul Gladiator began the quest for the Orb.
     0 | D:1      | Reached XP level 1. HP: 17/17 MP: 0/0
   195 | D:1      | Reached XP level 2. HP: 16/25 MP: 1/1
   480 | D:1      | Reached XP level 3. HP: 29/30 MP: 2/2
   792 | D:2      | Reached skill level 1 in Armour
   903 | D:2      | Reached XP level 4. HP: 35/38 MP: 3/3
  1048 | D:2      | Reached skill level 4 in Unarmed Combat
  1259 | D:2      | Found a burning altar of Makhleb.
  1855 | D:3      | Noticed an ice beast
  1882 | D:3      | Killed an ice beast
  1883 | D:3      | Reached XP level 5. HP: 11/46 MP: 4/4
  2205 | D:3      | Reached XP level 6. HP: 37/52 MP: 5/5
  2433 | D:4      | Found a staircase to the Ecumenical Temple.
  2477 | Temple   | Entered the Ecumenical Temple
  2484 | Temple   | Became a worshipper of Ashenzari the Shackled
  2827 | D:4      | Noticed Natasha
  2838 | D:4      | Killed Natasha
  3137 | D:4      | Noticed Natasha
  3148 | D:4      | Killed Natasha
  3262 | D:4      | Noticed Natasha
  3279 | D:4      | Killed Natasha
  3280 | D:4      | Reached skill level 5 in Unarmed Combat
  3334 | D:5      | Entered Level 5 of the Dungeon
  3335 | D:5      | Found Jemmyek's Weapon Boutique.
  3343 | D:5      | Reached XP level 7. HP: 58/60 MP: 6/6
  3351 | D:5      | Noticed Ijyb
  3367 | D:5      | Killed Ijyb
  3593 | D:5      | Reached skill level 5 in Fighting
  3719 | D:5      | Reached XP level 8. HP: 46/68 MP: 7/7
  3793 | D:5      | Reached skill level 5 in Dodging
  3936 | D:5      | Reached skill level 6 in Unarmed Combat
  4075 | D:6      | Noticed Menkaure
  4080 | D:6      | Killed Menkaure
  4263 | D:6      | Noticed Pikel
  4390 | D:6      | Reached XP level 9. HP: 59/78 MP: 8/8
  4446 | D:6      | Reached skill level 7 in Unarmed Combat
  4777 | D:6      | Reached skill level 5 in Armour
  4854 | D:6      | Killed Pikel
  5102 | D:6      | Reached * piety under Ashenzari
  5416 | D:7      | Got the cursed cloak of Koagem {Harm}
  5422 | D:7      | Identified the cursed -1 cloak of Koagem {Harm} (You found
                  | it on level 7 of the Dungeon)
  6078 | D:7      | Reached skill level 8 in Unarmed Combat
  6716 | D:8      | Found a runed translucent gate.
  6717 | D:8      | Found a runed translucent gate.
  6718 | D:8      | Found a runed translucent gate.
  6719 | D:8      | Noticed B1inky's ghost (novice OpCj)
  6822 | D:8      | Reached XP level 10. HP: 53/88 MP: 6/9
  7249 | D:8      | Found a radiant altar of Vehumet.
  7381 | D:8      | Found Sytom Ugoom's Antique Weapon Shop.
  7407 | D:8      | Got the uncursed ring mail of Heresy {rC+ Int+3}
  7418 | D:8      | Identified the +1 ring mail of Heresy {rC+ Int+3} (You
                  | found it on level 8 of the Dungeon)
  8010 | D:8      | Found a shadowy altar of Dithmenos.
  8203 | D:8      | Noticed a two-headed ogre
  8218 | D:8      | Killed a two-headed ogre
  8614 | D:8      | Reached skill level 9 in Unarmed Combat
  8929 | D:9      | Found an iron altar of Okawaru.
  8930 | D:9      | Found a bloodstained altar of Trog.
  8952 | D:9      | HP: 2/90 [orc warrior/+0 hand axe (19)]
  8952 | D:9      | Mangled by an orc warrior

Illustrated notes

Levels and vault maps discovered:
D:1:      kennysheep_arrival_seaside, layout_basic, skrybe_limestone_x,
          minmay_misc_feat_x
D:2:      layout_basic, lemuel_doored_altar
D:3:      layout_basic, minmay_unequal
D:4:      layout_basic, minmay_temple_entry_waves, uniq_natasha
D:5:      layout_loops_ring, serial_shops, nicolae_shop_stone, st_stairs_5,
          uniq_ijyb
D:6:      layout_loops_cross, minmay_misc_feat_room, uniq_pikel, uniq_menkaure
D:7:      layout_basic
D:8:      layout_basic, grunt_dithmenos_shadows, vehumet_statue,
          gammafunk_ghost_spectres, serial_shops, shop, the_bakery
D:9:      layout_roguey [special_room_orc], grunt_temple_overflow_bloody_war,
          lemuel_mausoleum_altar_kikubaaqudgha, due_lair_maze_entry_diamond,
          serial_shops, kennysheep_little_box, chequers_serial_rivers_small_3
Temple:   nicolae_temple_x_marks_the_god

Skill      XL: |  1  2  3  4  5  6  7  8  9 10 |
---------------+-------------------------------+-----
Dodging        | 3 4 5 6 7 |  7.5
Armour         | 1 2 3 4 6 |  6.9
Fighting       | 3 4 5 6 7 8 |  8.7
Unarmed Combat | 4 5 6 8 9 |  9.0
Throwing       | |  1.7

Action                   |  1- 3 |  4- 6 |  7- 9 | 10-12 || total
-------------------------+-------+-------+-------+-------++-------
Melee: Unarmed           |    98 |   227 |   482 |   159 ||   966
       Punch             |     1 |     3 |    18 |     6 ||    28
Throw: Throwing net      |       |     2 |     2 |       ||     4
  Use: Scroll            |     1 |     7 |     7 |     3 ||    18
       Potion            |       |     1 |     2 |     6 ||     9
 Stab: Held in net/web   |       |     2 |     1 |       ||     3
       Invisible         |       |       |       |     2 ||     2
Armor: Plate armour      |    77 |   152 |   319 |    68 ||   616
Dodge: Dodged            |    32 |    54 |   187 |    58 ||   331

Table legend: (Time is in decaauts)
 A = Elapsed time spent in this place.
 B = Non-inter-level travel time spent in this place.
 C = Inter-level travel time spent in this place.
 D = Time resting spent in this place.
 E = Time spent auto-exploring this place.
 F = Levels seen in this place.
 G = Mean time per level.
                   A        B        C        D        E       F      G
               +--------+--------+--------+--------+--------+-----+--------+
         Total |   8859 |   8262 |    597 |    935 |   5667 |  10 |  885.9 |
       Dungeon |   8847 |   8254 |    593 |    935 |   5667 |   9 |  983.0 |
        Temple |     11 |      7 |      4 |      0 |      0 |   1 |   11.0 |
               +--------+--------+--------+--------+--------+-----+--------+

Top non-repeatable levels by time:
     D:8: 1646 daAuts
     D:7: 1362 daAuts
     D:6: 1181 daAuts
     D:4: 1180 daAuts
     D:3: 964 daAuts
     D:5: 886 daAuts
     D:1: 755 daAuts
     D:2: 705 daAuts
     D:9: 165 daAuts
  Temple: 11 daAuts
